[Event "41st Amateur D7"]
[Site "ChessGUI4"]
[Date "2013.07.11"]
[Round "34.3"]
[White "FireFly 2.6.0 64-bit"]
[Black "ProChess 1.02AD"]
[Result "0-1"]
[BlackElo "2244"]
[ECO "E21"]
[EventDate "2013.??.??"]
[TimeControl "40/1500:40/1500:40/1500"]
[WhiteElo "2258"]

{ i5 Quad } 1.d4 e6 2.c4 Nf6 3.Nc3 Bb4 4.Nf3 O-O 5.Bg5 d5 6.cxd5 exd5 7.e3 Nbd7 8.Rc1 c5 9.Be2 h6
{ [%eval 6,12] [%emt 0: 00:42] (Qa5) } 10.Bf4
{ [%eval 41,11] [%emt 0:00:56] (Bxf6) } 10...Ne4
{ [%eval 15,13] [%emt 0:01:24] (Bxc3) } 11.O-O
{ [%eval 44,12] [%emt 0:00:55] (O-O) } 11...Bxc3
{ [%eval 14,14] [%emt 0:01:17] (Bxc3) } 12.bxc3
{ [%eval 40,12] [%emt 0:00:55] (bxc3) } 12...c4
{ [%eval 20,13] [%emt 0:01:13] (c4) } 13.Nd2
{ [%eval 46,13] [%emt 0: 00:54] (Nd2) } 13...f5
{ [%eval 16,12] [%emt 0:00:37] (Nxd2) } 14.Nxe4
{ [%eval 72,12] [%emt 0:00:53] (Qc2) } 14...fxe4
{ [%eval 27,13] [%emt 0:01:14] (fxe4) } 15.a4
{ [%eval 70,11] [%emt 0:00:44] (Bg4) } 15...Nf6
{ [%eval 33,12] [%emt 0:00:43] (Nf6) } 16.Rb1
{ [%eval 70,11] [%emt 0:00:43] (f3) } 16...Rf7
{ [%eval 35,13] [%emt 0:00:29] (b6) } 17.Qd2
{ [%eval 73,11] [%emt 0:00:43] (Qc2) } 17...Bf5
{ [%eval 35,13] [%emt 0: 00:29] (Qe8) } 18.Rb5
{ [%eval 77,11] [%emt 0:00:42] (Rfe1) } 18...Qd7
{ [%eval 32,12] [%emt 0:00:39] (b6) } 19.Qb2
{ [%eval 72,11] [%emt 0:00:42] (Qb2) } 19...Re8
{ [%eval 30,12] [%emt 0:01:04] (b6) } 20.a5
{ [%eval 124,11] [%emt 0:00:42] (Rb1) } 20...Bg6
{ [%eval 27,12] [%emt 0:01:01] (a6) } 21.Rb1
{ [%eval 144,12] [%emt 0:00:41] (Be5) } 21...Ree7
{ [%eval 22,13] [%emt 0:00:52] (Qd8) } 22.Qa3
{ [%eval 150,12] [%emt 0:00: 41] (Qb4) } 22...a6
{ [%eval 22,11] [%emt 0:00:28] (Qc8) } 23.Rxb7
{ [%eval 230,14] [%emt 0:00:41] (Rb6) } 23...Qxb7
{ [%eval 50,15] [%emt 0:00:40] (Qxb7) } 24.Rxb7
{ [%eval 211,14] [%emt 0:00:40] (Rxb7) } 24...Rxb7
{ [%eval 46,14] [%emt 0:01:54] (Rxb7) } 25.Bf1
{ [%eval 202,13] [%emt 0:00:40] (h3) } 25...Rb1
{ [%eval 59,13] [%emt 0:01: 33] (Rb1) } 26.Qc5
{ [%eval 107,12] [%emt 0:00:39] (h3) } 26...Bh5
{ [%eval 125,12] [%emt 0:00:13] (Bh5) } 27.f3
{ [%eval 34,12] [%emt 0:00:39] (f3) } 27...exf3
{ [%eval 256,13] [%emt 0:00:30] (exf3) } 28.gxf3
{ [%eval 0,11] [%emt 0:00:31] (gxf3) } 28...Bxf3
{ [%eval 339,13] [%emt 0:00:19] (Bxf3) } 29.Qc8+
{ [%eval -208,13] [%emt 0: 00:31] (Qc8) } 29...Rf8
{ [%eval 347,13] [%emt 0:00:21] (Rf8) } 30.Qe6+
{ [%eval -232, 13] [%emt 0:00:31] (Qf5) } 30...Kh8
{ [%eval 354,13] [%emt 0:00:23] (Kh8) } 31.Qxa6
{ [%eval -238,13] [%emt 0:00:31] (Qd6) } 31...Be2
{ [%eval 362,12] [%emt 0:00:10] (Ne4) } 32.Qd6
{ [%eval -240,12] [%emt 0:00:31] (Qd6) } 32...Rg8
{ [%eval 374,11] [%emt 0:00: 19] (Rf7) } 33.Kg2
{ [%eval -287,12] [%emt 0:00:31] (h4) } 33...Bxf1+
{ [%eval 495,14] [%emt 0:00:35] (Bxf1) } 34.Kf3
{ [%eval -430,12] [%emt 0:00:31] (Kf3) } 34...Bh3
{ [%eval 499,13] [%emt 0:00:13] (Bh3) } 35.Qe7
{ [%eval -529,12] [%emt 0:00:31] (Qe7) } 35...Re8
{ [%eval 562,12] [%emt 0:00:08] (Ne4) } 36.Qf7
{ [%eval -937,12] [%emt 0:00:50] (Qf7) } 36...Rf1+
{ [%eval 596,13] [%emt 0:00:13] (Rf1) } 37.Ke2
{ [%eval -998,12] [%emt 0:00:29] (Ke2) } 37...Rxf4
{ [%eval 595,12] [%emt 0:00:10] (Rxf4) } 38.Qxe8+
{ [%eval -1087,15] [%emt 0:00:29] (Qxe8) } 0-1

[Event "41st Amateur D7"]
[Site "ChessGUI4"]
[Date "2013.07.11"]
[Round "34.4"]
[White "Tigran 2.3 64-bit"]
[Black "Waxman 2011"]
[Result "1/2-1/2"]
[BlackElo "2256"]
[ECO "E05"]
[EventDate "2013.??.??"]
[TimeControl "40/1500:40/1500:40/1500"]
[WhiteElo "2289"]

{ i5 Quad } 1.d4 Nf6 2.c4 e6 3.g3 d5 4.Nf3 Be7 5.Bg2 O-O 6.O-O dxc4 7.Qc2 a6 8.a4 Bd7 9.Ne5 Bc6
{ [%eval 46,12] [%emt 0:00:35] (Bc6) } 10.Nxc6
{ [%eval 29,14] [%emt 0:00:42] (Nxc6) } 10...Nxc6
{ [%eval 26, 14] [%emt 0:00:49] (Nxc6) } 11.e3
{ [%eval 17,14] [%emt 0:00:42] (Bxc6) } 11...Nd5
{ [%eval 38,12] [%emt 0:00:40] (Na5) } 12.Qxc4
{ [%eval 41,12] [%emt 0:00:42] (Qxc4) } 12...Na5
{ [%eval 32,12] [%emt 0:00:41] (Qd7) } 13.Qc2
{ [%eval 30,14] [%emt 0:00:38] (Qd3) } 13...Nb4
{ [%eval 30,12] [%emt 0:00:38] (Nb4) } 14.Qc3
{ [%eval 12,14] [%emt 0:00:43] (Qe2) } 14...Rc8
{ [%eval 83,13] [%emt 0:00:51] (Rc8) } 15.e4
{ [%eval -39,14] [%emt 0:00:43] (Na3) } 15...c5
{ [%eval 103,13] [%emt 0:00:27] (c5) } 16.d5
{ [%eval -59,13] [%emt 0:00:35] (d5) } 16...exd5
{ [%eval 96,12] [%emt 0:00:38] (c4) } 17.exd5
{ [%eval -28,13] [%emt 0:00:44] (exd5) } 17...c4
{ [%eval 107,12] [%emt 0:00: 43] (c4) } 18.Nd2
{ [%eval -69,14] [%emt 0:00:44] (Nd2) } 18...Nd3
{ [%eval 107,12] [%emt 0:00:42] (Nxd5) } 19.Rb1
{ [%eval -39,12] [%emt 0:00:42] (Rb1) } 19...Bb4
{ [%eval 107,12] [%emt 0:00:48] (Bb4) } 20.Qc2
{ [%eval -42,13] [%emt 0:00:44] (Qc2) } 20...f5
{ [%eval 107,12] [%emt 0:01:05] (Rc5) } 21.Rd1
{ [%eval -44,12] [%emt 0:00:45] (Nf3) } 21...Bc5
{ [%eval 104,12] [%emt 0:01:37] (Bc5) } 22.Rf1
{ [%eval -62, 13] [%emt 0:00:45] (Rf1) } 22...Kh8
{ [%eval 105,11] [%emt 0:00:37] (Re8) } 23.Qc3
{ [%eval -61,11] [%emt 0:00:38] (Bf3) } 23...Bb4
{ [%eval 116,12] [%emt 0:00:47] (Bxf2) } 24.Qc2
{ [%eval -84,12] [%emt 0:00:46] (Qc2) } 24...f4
{ [%eval 118,12] [%emt 0:02:09] (Re8) } 25.Be4
{ [%eval -79,12] [%emt 0:00:46] (Bh3) } 25...Nxc1
{ [%eval 124,12] [%emt 0:00:42] (Rc5) } 26.Qxc1
{ [%eval -66,13] [%emt 0:00:46] (Qxc1) } 26...Qe7
{ [%eval 124,12] [%emt 0:00:46] (fxg3) } 27.Qc2
{ [%eval -50,13] [%emt 0:00:38] (Bg2) } 27...Bxd2
{ [%eval 107,12] [%emt 0:00:36] (Bxd2) } 28.Qxd2
{ [%eval -63,14] [%emt 0:00:43] (Qxd2) } 28...Nb3
{ [%eval 98,12] [%emt 0:00:39] (Nb3) } 29.Qe1
{ [%eval -60,14] [%emt 0:00:48] (Qe1) } 29...Rce8
{ [%eval 106,12] [%emt 0:00:39] (Rce8) } 30.f3
{ [%eval -57,13] [%emt 0:00:48] (f3) } 30...Nc5
{ [%eval 100,12] [%emt 0:01: 10] (Nc5) } 31.a5
{ [%eval -82,13] [%emt 0:00:49] (Rd1) } 31...fxg3
{ [%eval 126,12] [%emt 0:00:30] (fxg3) } 32.hxg3
{ [%eval -81,14] [%emt 0:00:48] (hxg3) } 32...Qd6
{ [%eval 126,12] [%emt 0:00:32] (Qd6) } 33.Kg2
{ [%eval -78,15] [%emt 0:00:50] (Kg2) } 33...Nxe4
{ [%eval 114,14] [%emt 0:00:44] (Nxe4) } 34.fxe4
{ [%eval -76,15] [%emt 0:00:51] (fxe4) } 34...Rxf1
{ [%eval 105,14] [%emt 0:00:35] (Rxf1) } 35.Kxf1
{ [%eval -90,15] [%emt 0:00:52] (Qxf1) } 35...Qg6
{ [%eval 129,13] [%emt 0:00:23] (Qg6) } 36.Rd1
{ [%eval -70,15] [%emt 0:00:53] (Kg1) } 36...Rxe4
{ [%eval 125,14] [%emt 0:00: 46] (Rxe4) } 37.Qf2
{ [%eval -82,14] [%emt 0:00:54] (Qf2) } 37...h6
{ [%eval 107,12] [%emt 0:00:23] (h6) } 38.Rd2
{ [%eval -81,14] [%emt 0:00:56] (Kg2) } 38...Re5
{ [%eval 104,13] [%emt 0:00:22] (Re5) } 39.Kg2
{ [%eval -93,15] [%emt 0:00:59] (Kg2) } 39...Qe4+
{ [%eval 104,12] [%emt 0:00:19] (Qe4) } 40.Qf3
{ [%eval -84,16] [%emt 0:01:04] (Qf3) } 40...Qe1
{ [%eval 73,13] [%emt 0:00:18] (Qe1) } 41.Qf8+
{ [%eval -86,15] [%emt 0:00:34] (Qf2) } 41...Kh7
{ [%eval 121,3] [%emt 0:00:00] (Kh7) } 42.Qf2
{ [%eval -86,14] [%emt 0:00:34] (Qf2) } 42...Qc1
{ [%eval 56,13] [%emt 0:00:43] (Qc1) } 43.Qf4
{ [%eval -42,14] [%emt 0:00:34] (Qf4) } 43...Re7
{ [%eval 35,14] [%emt 0:00:42] (Re8) } 44.d6
{ [%eval 3,14] [%emt 0:00:30] (d6) } 44...Rf7
{ [%eval 33,14] [%emt 0:00:31] (Rf7) } 45.Qe4+
{ [%eval 9,14] [%emt 0:00:34] (Qd4) } 45...g6
{ [%eval 7,15] [%emt 0:00:38] (g6) } 46.Qd5
{ [%eval 0,13] [%emt 0:00:34] (Qd5) } 46...Qf1+
{ [%eval 10,16] [%emt 0:00:38] (Qf1) } 47.Kh2
{ [%eval 9,15] [%emt 0:00:34] (Kh2) } 47...Rd7
{ [%eval 15,15] [%emt 0:00:33] (Rf2) } 48.Qe6
{ [%eval 57,15] [%emt 0:00:34] (Qe6) } 48...Qf5
{ [%eval 0,16] [%emt 0:00:45] (Qf5) } 49.Qxc4
{ [%eval 41,15] [%emt 0: 00:34] (Qxc4) } 49...Qxa5
{ [%eval 0,16] [%emt 0:00:55] (Qxa5) } 50.Rf2
{ [%eval 43,15] [%emt 0:00:33] (Rf2) } 50...Rg7
{ [%eval 0,16] [%emt 0:00:49] (Rg7) } 51.Qd4
{ [%eval 36,14] [%emt 0:00:35] (Qe6) } 51...Qd8
{ [%eval 14,12] [%emt 0:00:31] (Qd8) } 52.Rf6
{ [%eval 34,13] [%emt 0:00:28] (Re2) } 52...Qe8
{ [%eval 16,12] [%emt 0:00:22] (Qe8) } 53.Qd2
{ [%eval 34,12] [%emt 0:00:35] (Qd5) } 53...h5
{ [%eval 19,12] [%emt 0:00:36] (Rd7) } 54.b4
{ [%eval 25,12] [%emt 0:00:36] (b4) } 54...b5
{ [%eval 19,12] [%emt 0:00: 32] (Rd7) } 55.Qd3
{ [%eval 27,12] [%emt 0:00:33] (Qd3) } 55...Ra7
{ [%eval 18,13] [%emt 0:00:52] (Rd7) } 56.Kg1
{ [%eval 27,13] [%emt 0:00:32] (Kh3) } 56...Rd7
{ [%eval 18,13] [%emt 0:00:24] (Rg7) } 57.Kh1
{ [%eval 20,13] [%emt 0:00:36] (Kg2) } 57...Qe1+
{ [%eval 0,13] [%emt 0:00:28] (Kg7) } 58.Kg2
{ [%eval 22,14] [%emt 0:00: 36] (Kh2) } 58...Qe8
{ [%eval 0,16] [%emt 0:00:36] (Qe8) } 59.Kh3 Ra7 { [%eval 3,13] [%emt 0:00:25] (Kg7) } 60.Qf3
{ [%eval 11,12] [%emt 0:00:30] (g4) } 60...Qc8+
{ [%eval 20,12] [%emt 0:00:32] (Qc8) } 61.Kg2
{ [%eval 11,13] [%emt 0:00:37] (Kh2) } 61...Qc4
{ [%eval 21,13] [%emt 0:01:04] (Qc4) } 62.Qe3
{ [%eval 3,13] [%emt 0:00:37] (Rf8) } 62...Rg7
{ [%eval 36,13] [%emt 0:00:30] (Qa2) } 63.Qd2
{ [%eval 0,13] [%emt 0:00:38] (Qc5) } 63...Qe4+
{ [%eval 33,14] [%emt 0: 00:41] (Rd7) } 64.Kh2
{ [%eval 7,14] [%emt 0:00:37] (Kh2) } 64...Rd7
{ [%eval 33,14] [%emt 0:00:50] (Rd7) } 1/2-1/2

[Event "41st Amateur D7"]
[Site "ChessGUI4"]
[Date "2013.07.11"]
[Round "34.5"]
[White "Butcher 1.64 64-bit"]
[Black "Gibbon 2.57a 64-bit"]
[Result "0-1"]
[BlackElo "2251"]
[ECO "B30"]
[EventDate "2013.??.??"]
[TimeControl "40/1500:40/1500:40/1500"]
[WhiteElo "2355"]

{ i5 Quad } 1.e4 c5 2.Nf3 Nc6 3.Nc3 g6 4.Bb5 Bg7 5.O-O Nf6 6.Bxc6 dxc6 7.h3 Nd7 8.d3 Nf8 9.Bf4 Ne6
{ [%eval -15,15] [%emt 0:01:01] (Ne6) } 10.Be5
{ [%eval 20,12] [%emt 0:01:00] (Bg3) } 10...Bxe5
{ [%eval 4,15] [%emt 0:01:01] (f6) } 11.Nxe5
{ [%eval 39,13] [%emt 0:00:58] (Nxe5) } 11...Nd4
{ [%eval -4,15] [%emt 0:01:33] (Qc7) } 12.a4
{ [%eval 40,11] [%emt 0:00:52] (Ne2) } 12...Qc7
{ [%eval 8,15] [%emt 0:00:42] (Qd6) } 13.Nf3
{ [%eval 32,12] [%emt 0: 01:05] (Nf3) } 13...O-O
{ [%eval 10,15] [%emt 0:00:54] (Qf4) } 14.a5
{ [%eval 26,12] [%emt 0:01:03] (a5) } 14...Rd8
{ [%eval 7,14] [%emt 0:00:44] (Bd7) } 15.Nd2
{ [%eval 25,11] [%emt 0:01:03] (Nxd4) } 15...Be6
{ [%eval 15,12] [%emt 0:00:33] (e5) } 16.Na4
{ [%eval 37,11] [%emt 0:00:56] (Re1) } 16...Qd6
{ [%eval 14,12] [%emt 0:00:23] (Qd6) } 17.f4
{ [%eval 68,12] [%emt 0:01:00] (c3) } 17...b6
{ [%eval 37,12] [%emt 0:00:36] (c4) } 18.Rf2
{ [%eval 53,11] [%emt 0:00:59] (b3) } 18...Qb8
{ [%eval 19,12] [%emt 0: 00:33] (f6) } 19.c3
{ [%eval 149,12] [%emt 0:00:54] (c3) } 19...Nb5
{ [%eval 12,13] [%emt 0:00:16] (Nb5) } 20.f5
{ [%eval 138,11] [%emt 0:00:58] (f5) } 20...Bd7
{ [%eval -5,12] [%emt 0:00:57] (Bc8) } 21.Nc4
{ [%eval 141,11] [%emt 0:00:48] (Qf3) } 21...Nd6
{ [%eval 17,11] [%emt 0:00:16] (Nd6) } 22.fxg6
{ [%eval 153,11] [%emt 0:00:48] (fxg6) } 22...hxg6
{ [%eval 14,12] [%emt 0:00:17] (fxg6) } 23.Qf3
{ [%eval 127,12] [%emt 0:01:22] (Qf3) } 23...Be6
{ [%eval 0,13] [%emt 0:00:47] (Be6) } 24.Ne5
{ [%eval 138,11] [%emt 0:00:44] (Ne5) } 24...Qc7
{ [%eval -16,12] [%emt 0:00:30] (Qc7) } 25.Qg3
{ [%eval 114,10] [%emt 0:00:43] (Qf4) } 25...Ne8
{ [%eval 22,12] [%emt 0:00:25] (Ne8) } 26.Qf4
{ [%eval 96,11] [%emt 0:00:43] (Raf1) } 26...Kg7
{ [%eval 33,10] [%emt 0:00:11] (Qd6) } 27.Qg5
{ [%eval 60,11] [%emt 0:01:13] (Qg5) } 27...Nf6
{ [%eval 0,11] [%emt 0: 00:32] (Nf6) } 28.Rff1
{ [%eval 80,10] [%emt 0:00:38] (Raf1) } 28...c4
{ [%eval 67,11] [%emt 0:00:13] (Bb3) } 29.dxc4
{ [%eval 67,11] [%emt 0:00:37] (dxc4) } 29...Nxe4
{ [%eval 71,12] [%emt 0:00:18] (Nxe4) } 30.Qf4
{ [%eval 61,11] [%emt 0:00:30] (Qf4) } 30...Nd2
{ [%eval 50,12] [%emt 0:00:17] (Nd2) } 31.Rf2
{ [%eval 58,10] [%emt 0: 00:36] (Rf2) } 31...Qd6
{ [%eval 23,12] [%emt 0:00:35] (b5) } 32.b4
{ [%eval 11,9] [%emt 0:00:35] (13) } 32...f6
{ [%eval 68,11] [%emt 0:00:08] (Nxc4) } 33.Nxc6
{ [%eval 9,11] [%emt 0:00:29] (Nxc6) } 33...Qxc6
{ [%eval 50,12] [%emt 0:00:08] (Qxc6) } 34.Rxd2
{ [%eval 18,11] [%emt 0:00:27] (Rxd2) } 34...g5
{ [%eval 46,12] [%emt 0:00:14] (Rxd2) } 35.Qe3
{ [%eval -7,12] [%emt 0:00:25] (Qf2) } 35...Rxd2
{ [%eval 32,12] [%emt 0:00:13] (Rxd2) } 36.Qxd2
{ [%eval -4,11] [%emt 0:00:24] (Qxd2) } 36...Bxc4
{ [%eval 29,12] [%emt 0:00:09] (Bxc4) } 37.Nb2
{ [%eval -10,11] [%emt 0:00:22] (Nb2) } 37...Bf7
{ [%eval 29,12] [%emt 0:00:12] (Bf7) } 38.c4
{ [%eval -21,10] [%emt 0:00:21] (c4) } 38...Rb8
{ [%eval 66,12] [%emt 0:00:15] (e5) } 39.Kh1
{ [%eval -19,10] [%emt 0:00: 19] (b5) } 39...Bxc4
{ [%eval 63,12] [%emt 0:00:09] (Qd6) } 40.axb6
{ [%eval -35,10] [%emt 0:00:14] (axb6) } 40...axb6
{ [%eval 55,14] [%emt 0:00:20] (axb6) } 41.Ra7
{ [%eval -43,12] [%emt 0:00:49] (Ra7) } 41...Re8
{ [%eval 73,15] [%emt 0:01:50] (Re8) } 42.Nxc4
{ [%eval -73,14] [%emt 0:01:25] (Qc3) } 42...Qxc4
{ [%eval 109,14] [%emt 0:00: 08] (Qxc4) } 43.Qd6
{ [%eval -86,13] [%emt 0:01:22] (Qd7) } 43...Qe4
{ [%eval 117,15] [%emt 0:00:56] (Qe4) } 44.Kh2
{ [%eval -104,13] [%emt 0:01:20] (b5) } 44...g4
{ [%eval 147,14] [%emt 0:00:42] (g4) } 45.h4
{ [%eval -159,12] [%emt 0:00:44] (Qxb6) } 45...Qe1
{ [%eval 179,15] [%emt 0:01:14] (Kg6) } 46.g3
{ [%eval -197,13] [%emt 0:00:49] (Qg3) } 46...Qf2+
{ [%eval 195,15] [%emt 0:00:30] (Qf2) } 47.Kh1
{ [%eval -114,8] [%emt 0:00:01] (Kh1) } 47...Kf8
{ [%eval 186,16] [%emt 0:01:21] (Kf8) } 48.Qc7
{ [%eval -197,14] [%emt 0:00:49] (Qc7) } 48...Qf1+
{ [%eval 186,15] [%emt 0:00: 27] (Qe1) } 49.Kh2
{ [%eval -119,8] [%emt 0:00:00] (Kh2) } 49...Qe2+
{ [%eval 203,17] [%emt 0:01:16] (Qf2) } 50.Kh1
{ [%eval -175,14] [%emt 0:00:50] (Kh1) } 50...Qe1+
{ [%eval 202,16] [%emt 0:00:43] (Qe1) } 51.Kg2
{ [%eval -199,14] [%emt 0:00:49] (Kh2) } 51...Qd2+
{ [%eval 202,15] [%emt 0:01:23] (Qxb4) } 52.Kf1
{ [%eval -202,14] [%emt 0:00:49] (Kh1) } 52...Qxb4
{ [%eval 222,15] [%emt 0:00:22] (Qxb4) } 53.Qc2
{ [%eval -209,13] [%emt 0:00:48] (Rb7) } 53...Rd8
{ [%eval 272,14] [%emt 0:00:24] (Qd6) } 54.Ra4
{ [%eval -234,13] [%emt 0:00:41] (Ra4) } 54...Qb5+
{ [%eval 277,14] [%emt 0:00: 21] (Qb5) } 55.Kg2
{ [%eval -238,12] [%emt 0:00:40] (Kg2) } 55...Qd5+
{ [%eval 275,15] [%emt 0:00:33] (Qd5) } 56.Kh2
{ [%eval -226,14] [%emt 0:00:40] (Kh2) } 56...Qd2+
{ [%eval 280,16] [%emt 0:00:33] (Qf3) } 57.Qxd2
{ [%eval -218,17] [%emt 0:01:06] (Qxd2) } 57...Rxd2+
{ [%eval 282,17] [%emt 0:00:07] (Rxd2) } 58.Kg1
{ [%eval -220,14] [%emt 0:00:38] (Kg1) } 58...e5
{ [%eval 263,18] [%emt 0:00:31] (f5) } 59.Rxg4
{ [%eval -165,15] [%emt 0:01:05] (h5) } 59...Rd4
{ [%eval 252,18] [%emt 0:00:23] (Rd4) } 60.Rxd4
{ [%eval -208,19] [%emt 0:01:02] (Rg6) } 60...exd4
{ [%eval 636,21] [%emt 0: 00:04] (exd4) } 61.Kf2
{ [%eval -501,23] [%emt 0:00:59] (Kf2) } 61...b5
{ [%eval 687, 27] [%emt 0:00:31] (b5) } 62.Ke2
{ [%eval -614,23] [%emt 0:00:55] (13) } 62...b4
{ [%eval 890,26] [%emt 0:00:19] (b4) } 63.Kd3
{ [%eval -752,22] [%emt 0:00:51] (Kd3) } 63...b3
{ [%eval 986,25] [%emt 0:00:18] (b3) } 64.Kd2
{ [%eval -672,20] [%emt 0:00:47] (Kd2) } 0-1

[Event "41st Amateur D7"]
[Site "ChessGUI4"]
[Date "2013.07.11"]
[Round "35.1"]
[White "Carballo 0.8"]
[Black "MadChess 1.2"]
[Result "1-0"]
[BlackElo "2200"]
[ECO "B76"]
[EventDate "2013.??.??"]
[TimeControl "40/1500:40/1500:40/1500"]
[WhiteElo "2273"]

{ i5 Quad } 1.e4 c5 2.Nf3 d6 3.d4 cxd4 4.Nxd4 Nf6 5.Nc3 g6 6.Be3 Bg7 7.f3 Nc6 8.Qd2 O-O 9.O-O-O Bd7 { [%eval -25,10] [%emt 0:00:24] (Nxd4) } 10.Kb1
{ [%eval 39,13] [%emt 0:00:36] (Nxc6) } 10...a6
{ [%eval -19,11] [%emt 0:00:54] (Nxd4) } 11.h4
{ [%eval 36,13] [%emt 0:00:35] (Nxc6) } 11...Rc8
{ [%eval -15,10] [%emt 0:00:27] (Ne5) } 12.g4
{ [%eval 40,13] [%emt 0:00:34] (Nxc6) } 12...Na5
{ [%eval -30,10] [%emt 0:00:39] (Ne5) } 13.h5
{ [%eval 70, 13] [%emt 0:00:33] (Be2) } 13...Re8
{ [%eval -65,10] [%emt 0:01:22] (b5) } 14.hxg6
{ [%eval 85,12] [%emt 0:00:32] (h6) } 14...hxg6
{ [%eval -69,10] [%emt 0:00:27] (hxg6) } 15.Bh6
{ [%eval 92,13] [%emt 0:00:32] (Bh6) } 15...Bh8
{ [%eval -48,11] [%emt 0:00:39] (Bh8) } 16.Bg5
{ [%eval 96,12] [%emt 0:00:31] (Qh2) } 16...Bg7
{ [%eval -73,10] [%emt 0:00:18] (Nc6) } 17.Qh2
{ [%eval 105,13] [%emt 0:00:30] (b3) } 17...e5
{ [%eval -75,12] [%emt 0:00:50] (Nc4) } 18.Bh6
{ [%eval 143,13] [%emt 0:00:29] (Bh6) } 18...Bh8
{ [%eval -51,11] [%emt 0:00:16] (Bh8) } 19.Nb3
{ [%eval 155,12] [%emt 0:00:29] (Nb3) } 19...Be6
{ [%eval -102,10] [%emt 0:00:29] (Nxb3) } 20.Bf4
{ [%eval 169,13] [%emt 0:00:28] (Nd5) } 20...Bg7
{ [%eval -142,12] [%emt 0:00:49] (Bg7) } 21.Bxe5
{ [%eval 186,13] [%emt 0:00:27] (Bxe5) } 21...Bxb3
{ [%eval -66,11] [%emt 0:00:27] (Bxb3) } 22.Rxd6
{ [%eval 173,14] [%emt 0:00:26] (Rxd6) } 22...Qe7
{ [%eval -206,12] [%emt 0:01:02] (Qe7) } 23.Bxf6
{ [%eval 308,14] [%emt 0:00:26] (Bxf6) } 23...Bxc2+
{ [%eval -150,13] [%emt 0:00:33] (Bxf6) } 24.Ka1
{ [%eval 401,16] [%emt 0:00:25] (Kxc2) } 24...Bxf6
{ [%eval -432,12] [%emt 0:00:36] (Bxf6) } 25.Nd5
{ [%eval 401,15] [%emt 0:00:24] (Nd5) } 25...Be5
{ [%eval -461,12] [%emt 0:00:29] (Bxb2) } 26.Nxe7+
{ [%eval 637,15] [%emt 0:00:24] (Nxe7) } 26...Rxe7
{ [%eval -592,15] [%emt 0:01:00] (Rxe7) } 27.Qh7+
{ [%eval 650,16] [%emt 0:00:23] (Qh7) } 27...Kf8
{ [%eval -592,15] [%emt 0:00:00] (Kf8) } 28.Qh6+ Bg7
{ [%eval -612,13] [%emt 0:00:28] (Bg7) } 29.Qd2
{ [%eval 650,15] [%emt 0:00:22] (Qd2) } 29...Ree8
{ [%eval -612,12] [%emt 0:00:22] (Ree8) } 1-0